 Dungeon Crawl Stone Soup version 0.23-a0-629-gae4348f (webtiles) character file.

249 KristoblXynda the Ruffian (level 5, -4/45 HPs)
             Began as a Troll Wizard on Dec 25, 2018.
             Slain by Grinder (6 damage)
             ... while paralysed by Grinder
             ... on level 3 of the Dungeon.
             The game lasted 00:04:25 (1701 turns).

KristoblXynda the Ruffian (Troll Wizard)            Turns: 1701, Time: 00:04:25

Health: -4/45      AC:  5    Str: 15    XL:     5   Next: 87%
Magic:  7/7        EV:  1    Int: 15    God:
Gold:   132        SH:  0    Dex:  8    Spells: 4/8 levels left

rFire    . . .     SeeInvis +     - Unarmed
rCold    . . .     Gourm    +   (no shield)
rNeg     . . .     Faith    .   a - +0 robe
rPois    +         Spirit   .   b - +0 hat
rElec    .         Reflect  .   (no cloak)
rCorr    .         Harm     .   (gloves unavailable)
MR       .....                  (boots unavailable)
Stlth    +.........             (no amulet)
HPRegen  0.55/turn              n - ring of see invisible
MPRegen  0.10/turn              p - ring of poison resistance

@: paralysed
A: large, unfitting armour, claws 3, fast metabolism 3, gourmand, regeneration
1, shaggy fur 1, tough skin 2
a: no special abilities


You were on level 3 of the Dungeon.
You were very full.

You visited 1 branch of the dungeon, and saw 3 of its levels.

You collected 132 gold pieces.

Inventory:

Armour
 a - a +0 robe (worn)
 b - a +0 hat (worn)
Jewellery
 k - an uncursed amulet of harm {unknown}
 n - a ring of see invisible (left claw)
 p - a ring of poison resistance (right claw)
 w - an uncursed ring of positive energy
Scrolls
 f - a scroll of remove curse
 g - a scroll of teleportation
 i - a scroll of fog
 j - a scroll of enchant armour {unknown}
 l - a scroll of identify {unknown}
 q - a scroll of immolation {unknown}
 s - a scroll of blinking {unknown}
 u - a scroll of random uselessness {unknown}
Potions
 e - a potion of curing {unknown}
 h - a potion of magic {unknown}
 m - 2 potions of haste {unknown}
 o - a potion of resistance {unknown}
 t - a potion of might {unknown}
 v - a potion of cancellation {unknown}
Comestibles
 d - 9 rations
 r - 3 chunks of flesh


   Skills:
 - Level 1.5 Dodging
 - Level 1.0 Stealth
 + Level 3.9 Unarmed Combat
 - Level 2.0 Spellcasting
 + Level 3.1 Conjurations
   Level 0.6 Summonings
   Level 0.6 Translocations


You had 4 spell levels left.
You knew the following spells:

 Your Spells              Type           Power        Failure   Level  Hunger
a - Magic Dart            Conj           ##..         6%          1    #......
b - Mephitic Cloud        Conj/Pois/Air  #.......     41%         3    ###....

Your spell library contained the following spells:

 Spells                   Type           Power        Failure   Level  Hunger
 Blink                    Tloc           N/A          26%         2    ###....
 Call Imp                 Summ           #.......     26%         2    ###....
 Slow                     Hex            #.......     32%         2    ###....
 Conjure Flame            Conj/Fire      #.......     34%         3    ###....


Dungeon Overview and Level Annotations

Branches:
Dungeon (3/15)

Altars:

Annotations:
D:3 Grinder


Innate Abilities, Weirdness & Mutations

You are too large for most types of armour.
You have claws for hands.
Your metabolism is lightning-fast.
You like to eat raw meat.
Your natural rate of healing is unusually fast.
You are covered in fur. (AC +1)
You have very tough skin. (AC +2)


Message History

Grinder closely misses you.
You scratch Grinder but do no damage.
Grinder is moderately wounded.
Unknown command.
You scratch Grinder.
Grinder is moderately wounded.
Grinder hits you!
* * * LOW HITPOINT WARNING * * *
You writhe in agony.
* * * LOW HITPOINT WARNING * * *
You scratch Grinder.
Grinder is heavily wounded.
Grinder gestures at you.
You suddenly lose the ability to move!
Grinder hits you.
* * * LOW HITPOINT WARNING * * *
You writhe in agony.
* * * LOW HITPOINT WARNING * * *
Grinder hits you.
You die...

#.#########.# #.#
#.############## ######.####
##'#...........(. #.........#
#............(### ...........#
#..........(..# #
.#.........#####.............#
#
............†.###+#+##########
.#.........##..........
...>....###...5@.....#
..#...... +............
#.#.###.# #!.......####
#........# #........#
####.....# #.....# #.....#


You could see Grinder.

Vanquished Creatures
  Jessica (D:2)
  A worker ant (D:2)
  Natasha (thrice) (D:2)
  3 adders
  3 oozes (D:2)
  2 worms
  4 dart slugs
  3 leopard geckos
  An orc (D:3)
  7 bats
  A giant cockroach (D:2)
  4 goblins
  7 hobgoblins
  9 jackals
  7 kobolds
  2 quokkas
  4 frilled lizards
  8 rats
70 creatures vanquished.

Notes
Turn   | Place    | Note
-------+----------+-------------------------------------------
     0 | D:1      | KristoblXynda the Troll Wizard began the quest for the Orb.
     0 | D:1      | Reached XP level 1. HP: 16/16 MP: 2/2
    85 | D:1      | Reached skill level 1 in Conjurations
   133 | D:1      | Reached skill level 1 in Unarmed Combat
   175 | D:1      | Reached XP level 2. HP: 20/24 MP: 4/4
   697 | D:2      | Reached XP level 3. HP: 13/31 MP: 5/5
   935 | D:2      | Noticed Jessica
  1064 | D:2      | Reached XP level 4. HP: 37/39 MP: 6/6
  1199 | D:2      | Noticed Natasha
  1210 | D:2      | Killed Natasha
  1284 | D:2      | Killed Jessica
  1284 | D:2      | Reached XP level 5. HP: 45/45 MP: 7/7
  1290 | D:2      | Noticed Natasha
  1304 | D:2      | Killed Natasha
  1325 | D:2      | Noticed Natasha
  1331 | D:2      | Killed Natasha
  1588 | D:3      | Learned a level 3 spell: Mephitic Cloud
  1663 | D:3      | Noticed Grinder
  1692 | D:3      | Paralysed by Grinder for 2 turns
  1699 | D:3      | Paralysed by Grinder for 7 turns
  1700 | D:3      | HP: 2/45 [Grinder (5)]
  1701 | D:3      | Slain by Grinder

Vault maps used:
D:1:      psy_arrival_basics, item_on_display_a
D:2:      first_ration, minmay_pentomino_q4, uniq_jessica, uniq_natasha
D:3:      minmay_recursive_quarters, minmay_lizard_king, uniq_grinder

Skill      XL: |  1  2  3  4  5 |
---------------+----------------+-----
Conjurations   | 1 2 3 |  3.1
Unarmed Combat | 1 2 3 |  3.9
Dodging        | |  1.5
Stealth        | |  1.0
Spellcasting   | |  2.0
Summonings     | |  0.6
Translocations | |  0.6

Action                   |  1- 3 |  4- 6 || total
-------------------------+-------+-------++-------
Melee: Unarmed           |   116 |   136 ||   252
       Punch             |       |     2 ||     2
  Use: Scroll            |     2 |     2 ||     4
  Eat: Chunk             |    15 |     6 ||    21
Armor: Robe              |    39 |    62 ||   101
Dodge: Dodged            |    39 |    66 ||   105

Table legend:
 A = Non-vault XP
 B = Vault XP
 C = Vault XP percentage of total XP
 D = Non-vault monster count
 E = Vault monster count
 F = Vault count percentage of total count
                 A         B        C        D         E       F
            +---------+---------+-------+---------+---------+-------
      Total |     261 |      96 |  26.9 |      64 |       6 |   8.6
            +---------+---------+-------+---------+---------+-------
        D:1 |      31 |       0 |   0.0 |      16 |       0 |   0.0
        D:2 |     169 |      96 |  36.2 |      25 |       6 |  19.4
        D:3 |      61 |       0 |   0.0 |      23 |       0 |   0.0
            +---------+---------+-------+---------+---------+-------
